 Dungeon Crawl Stone Soup version 0.21.1-1-g345015f (webtiles) character file.

451 Spoonicorn the Cudgeler (level 7, -1/108 HPs)
             Began as an Ogre Berserker on Mar 9, 2018.
             Was a Priest of Trog.
             Killed from afar by an orc wizard (5 damage)
             ... with a puff of flame
             ... on level 4 of the Dungeon.
             The game lasted 00:06:20 (3080 turns).

Spoonicorn the Cudgeler (Ogre Berserker)            Turns: 3080, Time: 00:06:22

Health: -1/108     AC:  3    Str: 29    XL:     7   Next: 4%
Magic:  7/7        EV: 10    Int:  8    God:    Trog [***...]
Gold:   218        SH:  2    Dex:  8    Spells: 6/6 levels left

rFire    . . .     SeeInvis .   a - +0 mace
rCold    . . .     Gourm    .   (no shield)
rNeg     . . .     Faith    .   b - +0 animal skin
rPois    .         Spirit   .   (helmet restricted)
rElec    .         Reflect  +   (no cloak)
rCorr    .         Harm     .   (gloves unavailable)
MR       .....                  (boots unavailable)
Stlth    ..........             p - +2 amulet of reflection
HPRegen  0.28/turn              (no ring)
MPRegen  0.10/turn              (no ring)

@: berserking, very quick
A: large, unfitting armour, tough skin 1
a: Berserk, Trog's Hand, Burn Spellbooks, Renounce Religion


You were on level 4 of the Dungeon.
You worshipped Trog.
Trog was most pleased with you.
You were hungry.

You visited 1 branch of the dungeon, and saw 4 of its levels.

You collected 218 gold pieces.

Inventory:

Hand Weapons
 a - a +0 mace (weapon)
Armour
 b - a +0 animal skin (worn)
Jewellery
 m - an uncursed amulet of guardian spirit
 p - a +2 amulet of reflection (around neck)
Scrolls
 f - a scroll of identify
 g - 2 scrolls of enchant armour
 h - a scroll of remove curse
 i - 6 scrolls of teleportation
 l - a scroll of immolation
 n - a scroll of fear
 o - a scroll of amnesia
Potions
 d - 3 potions of brilliance {unknown}
 e - a potion of lignification
 j - a potion of berserk rage {unknown}
 k - 3 potions of curing {unknown}
 q - a potion of flight {unknown}
 r - a potion of magic
Books
 s - a book of Callings

   Spells                             Type                      Level
   a - Summon Small Mammal            Summoning                    1
   b - Call Imp                       Summoning                    2
   c - Call Canine Familiar           Summoning                    3
   d - Summon Guardian Golem          Hexes/Summoning              3
   e - Summon Lightning Spire         Summoning/Air                4
   f - Summon Ice Beast               Ice/Summoning                4
   Trog disapproves of the use of such an item.
Comestibles
 c - 5 rations
 t - a chunk of flesh


   Skills:
 + Level 5.3 Fighting
 * Level 6.0 Maces & Flails
 + Level 3.7 Dodging
 + Level 0.1 Stealth


You had 6 spell levels left.
You didn't know any spells.

Dungeon Overview and Level Annotations

Branches:
Dungeon (4/15)
 Temple: D:4-7

Altars:
Hepliaklqana
Nemelex Xobeh


Innate Abilities, Weirdness & Mutations

You are too large for most types of armour.
You have tough skin. (AC +1)


Message History

The worm moves out of view.
The orc priest hits you but does no damage.
A red film seems to cover your vision as you go berserk!
You feel yourself moving faster!
You feel mighty!
You are feeling hungry.
The orc wizard gestures at you while chanting.
The magic dart hits you!
* * * LOW HITPOINT WARNING * * *
The hound barely misses you. The orc hits you but does no damage.
The orc wizard hits you but does no damage.
The orc priest hits you with a mace!
* * * LOW HITPOINT WARNING * * *
The hound barely misses you.
You barely miss the orc priest.
The orc priest is moderately wounded.
The orc hits you with a club.
* * * LOW HITPOINT WARNING * * *
The orc wizard points at you and mumbles some strange words.
The puff of flame hits you!
You die...

##.....##
#.......#
#.......#
#.<.....#
##.....## #
##.....## ##
####.......######.
#.o.........).....
#@##.......#######
#.....hoo.#.....##
#......o..##....#
#...).....#..####
#............#
#.........##.#
#########.w ... #


You could see a worm, a hound, an orc priest, an orc wizard and 2 orcs.

Vanquished Creatures
  An ogre (D:4)
  A bullfrog (D:4)
  A scorpion (D:4)
  An orc priest (D:4)
  A bullfrog skeleton (D:4)
  An iguana (D:4)
  A hound skeleton (D:4)
  7 adders
  2 adder skeletons (D:4)
  3 worms (D:3)
  4 dart slugs
  3 leopard geckos
  An orc (D:4)
  5 bats
  2 giant cockroaches
  11 goblins
  7 hobgoblins
  6 jackals
  A quokka (D:4)
  5 frilled lizards
  3 kobolds
  8 rats
75 creatures vanquished.

Notes
Turn   | Place    | Note
-------+----------+-------------------------------------------
     0 | D:1      | Spoonicorn the Ogre Berserker began the quest for the Orb.
     0 | D:1      | Reached XP level 1. HP: 24/24 MP: 1/1
   111 | D:1      | Reached XP level 2. HP: 21/32 MP: 2/2
   146 | D:1      | Reached skill level 3 in Maces & Flails
   639 | D:2      | Reached XP level 3. HP: 38/40 MP: 3/3
   699 | D:2      | Reached ** piety under Trog
   982 | D:2      | Found a sparkling altar of Nemelex Xobeh.
  1053 | D:2      | Reached XP level 4. HP: 41/49 MP: 4/4
  1398 | D:3      | Reached skill level 4 in Maces & Flails
  1422 | D:3      | HP: 2/49 [poisoned by an adder]
  1430 | D:3      | HP: 1/49 [poisoned by an adder]
  2138 | D:3      | Found a hazy altar of Hepliaklqana.
  2456 | D:4      | Reached XP level 5. HP: 52/55 MP: 5/5
  2670 | D:4      | Reached skill level 5 in Maces & Flails
  2684 | D:4      | Reached skill level 5 in Fighting
  2684 | D:4      | Reached XP level 6. HP: 48/66 MP: 6/6
  2725 | D:4      | Reached *** piety under Trog
  3069 | D:4      | Reached skill level 6 in Maces & Flails
  3069 | D:4      | Reached XP level 7. HP: 47/72 MP: 7/7
  3079 | D:4      | HP: 5/108 [orc priest/mace (7)]
  3080 | D:4      | Killed from afar by an orc wizard

Skill      XL: |  1  2  3  4  5  6 |
---------------+-------------------+-----
Maces & Flails | 3 4 5 6 |  6.0
Dodging        | 3 |  3.7
Fighting       | 5 |  5.3
Stealth        | |  0.1

Action                   |  1- 3 |  4- 6 |  7- 9 || total
-------------------------+-------+-------+-------++-------
Melee: Mace              |   103 |   138 |     8 ||   249
Invok: Berserk           |       |     2 |     1 ||     3
  Use: Scroll            |       |     8 |       ||     8
  Eat: Chunk             |     1 |     8 |       ||     9
Armor: Animal skin       |    30 |    32 |     4 ||    66
Dodge: Dodged            |    60 |    66 |     8 ||   134
Block: Other             |       |    11 |     1 ||    12
